 Dungeon Crawl Stone Soup version 0.24-a0-537-g2d01d4ab0a (webtiles) character file.

Game seed: 3309206112884290132

539 BinkBink the Archer (level 7, 0/58 HPs)
             Began as a Centaur Hunter on Aug 14, 2019.
             Was an Initiate of Cheibriados.
             Slain by a wight
             ... wielding a cursed +4 morningstar of freezing
              (3 damage)
             ... on level 4 of the Dungeon.
             The game lasted 00:08:17 (3599 turns).

BinkBink the Archer (Centaur Hunter)                Turns: 3599, Time: 00:08:18

Health: 0/58       AC:  7    Str: 15    XL:     7   Next: 5%
Magic:  7/7        EV: 10    Int: 11    God:    Cheibriados [......]
Gold:   164        SH:  0    Dex: 13    Spells: 6/6 levels left

rFire    . . .     SeeInvis .   s - +3 scimitar
rCold    . . .     Gourm    .   (no shield)
rNeg     . . .     Faith    .   c - +0 leather armour
rPois    .         Spirit   .   (no helmet)
rElec    .         Reflect  .   u - +0 cloak
rCorr    .         Harm     .   b - +0 pair of gloves (curse)
MR       .....                  (no barding)
Stlth    +.........             (no amulet)
HPRegen  0.19/turn              i - +1 ring of protection
MPRegen  0.10/turn              (no ring)

@: lightly drained
A: large, hooves 3, deformed body, speed 2, tough skin 3
a: Bend Time, Renounce Religion


You were on level 4 of the Dungeon.
You worshipped Cheibriados.
Cheibriados was noncommittal.
You were hungry.

You visited 1 branch of the dungeon, and saw 4 of its levels.

You collected 164 gold pieces.

Inventory:

Hand Weapons
 a - a +2 shortbow
 s - a +3 scimitar (weapon)
Missiles
 d - 14 arrows
Armour
 b - a cursed +0 pair of gloves (worn)
 c - a +0 leather armour (worn)
 u - a +0 cloak (worn)
Jewellery
 i - a +1 ring of protection (left hand)
 v - an uncursed ring of poison resistance
Scrolls
 e - 3 scrolls of remove curse
 k - a scroll of enchant weapon
 n - a scroll of amnesia
 q - a scroll of enchant armour
 w - 2 scrolls of identify
 x - a scroll of teleportation
Potions
 g - a potion of heal wounds {unknown}
 h - a potion of resistance {unknown}
 j - a potion of agility {unknown}
 l - 2 potions of might {unknown}
 m - a potion of lignification {unknown}
 o - a potion of brilliance {unknown}
 p - 3 potions of curing {unknown}
 r - 2 potions of haste {unknown}
 t - a potion of flight {unknown}
Comestibles
 f - 5 rations


   Skills:
 + Level 3.7(3.3) Fighting
 + Level 1.3(0.9) Long Blades
 + Level 9.1(8.7) Bows
 + Level 1.4(1.0) Armour
 + Level 2.1(1.7) Dodging
 + Level 0.6(0.2) Stealth


You had 6 spell levels left.
You didn't know any spells.
Your spell library contained the following spells:

 Spells                   Type           Power        Failure   Level  Hunger
 Beastly Appendage        Tmut           #.....       41%         1    ##.....
 Sticks to Snakes         Tmut           #.......     54%         2    ###....
 Spider Form              Tmut/Pois      #.........   78%         3    ####...
 Ice Form                 Ice/Tmut       #.......     99%         4    #####..
 Blade Hands              Tmut           #.........   100%        5    ######.


Dungeon Overview and Level Annotations

Branches:
Dungeon (4/15)
 Temple: D:4-7

Altars:
Cheibriados
Elyvilon
Nemelex Xobeh
Qazlal
Trog

Annotations:
D:3 2 transporters


Innate Abilities, Weirdness & Mutations

You have hooves in place of feet.
Armour fits poorly on your strangely shaped body.
You cover ground very quickly.
You have extremely tough skin. (AC +3)


Message History

You slash the orc!
You kill the orc!
The wight hits you with a cursed +4 morningstar of freezing!
The wight freezes you.
Found 21 bolts.
Things that are here:
a +0 dagger; a +0 leather armour; 14 gold pieces You barely miss the wight.
The wight hits you with a cursed +4 morningstar of freezing!
* * * LOW HITPOINT WARNING * * *
The wight freezes you.
* * * LOW HITPOINT WARNING * * *
There is a stone staircase leading down here.
The wight hits you but does no damage.
Things that are here:
a +0 war axe; an orc corpse The wight hits you with a cursed +4 morningstar of freezing!
* * * LOW HITPOINT WARNING * * *
You feel drained.
You die...

#.............).....#..
#.............#.....#..
#######..###.####.####.###.
##...###..###'####.#########
#......#....#...............
#......#....#...............
#######...^###..##....#...###.###
#[...##....###.z###._.#...#######
#.....'.........@..........).....
#.....#..............#.....).....
#..####...###############..##..##
#######...##########.####..##[.##
#..........#...#.................
#...>......#...#.................
#..........#...#.................
#..........#...'...........##....
#..#####..##.###..##..###..##....


You could see a wight.

Vanquished Creatures
  A sky beast (D:4)
  2 wights (D:4)
  A hound (D:4)
  2 orc priests (D:4)
  2 bullfrog skeletons (D:4)
  An orc wizard (D:4)
  A worker ant (D:4)
  3 adders
  6 gnolls
  An ooze (D:4)
  An adder skeleton (D:4)
  4 worms
  A dart slug (D:1)
  3 leopard geckos
  7 orcs
  5 giant cockroaches (D:2)
  7 goblins
  3 hobgoblins
  6 jackals
  2 quokkas (D:4)
  6 bats
  3 kobolds
  8 rats
76 creatures vanquished.

Vanquished Creatures (others)
  A wizard (D:3)
1 creature vanquished.

Grand Total: 77 creatures vanquished

Notes
Turn   | Place    | Note
-------+----------+-------------------------------------------
     0 | D:1      | BinkBink the Centaur Hunter began the quest for the Orb.
     0 | D:1      | Reached XP level 1. HP: 17/17 MP: 1/1
   168 | D:1      | Reached XP level 2. HP: 24/24 MP: 2/2
   227 | D:1      | Reached skill level 6 in Bows
   817 | D:2      | Reached XP level 3. HP: 17/29 MP: 3/3
  1922 | D:3      | Reached XP level 4. HP: 35/37 MP: 4/4
  1945 | D:3      | Reached skill level 7 in Bows
  2092 | D:3      | Found a bloodstained altar of Trog.
  2102 | D:3      | Noticed a wizard
  2105 | D:3      | Killed a wizard
  2133 | D:3      | Found a stormy altar of Qazlal.
  2146 | D:3      | Found a transporter.
  2160 | D:3      | Found a transporter.
  2166 | D:3      | Found a white marble altar of Elyvilon.
  2366 | D:4      | Reached XP level 5. HP: 28/45 MP: 5/5
  2622 | D:4      | Reached skill level 8 in Bows
  2625 | D:4      | Found a snail-covered altar of Cheibriados.
  2625 | D:4      | Noticed a sky beast
  2864 | D:4      | Killed a sky beast
  2864 | D:4      | Reached XP level 6. HP: 6/51 MP: 6/6
  3252 | D:4      | Became a worshipper of Cheibriados the Contemplative
  3349 | D:4      | Reached skill level 1 in Armour
  3409 | D:4      | Found a sparkling altar of Nemelex Xobeh.
  3503 | D:4      | Reached skill level 9 in Bows
  3525 | D:4      | Reached skill level 1 in Long Blades
  3539 | D:4      | Reached XP level 7. HP: 36/58 MP: 7/7
  3599 | D:4      | Slain by a wight

Levels and vault maps discovered:
D:1:      lemuel_arrival_behind_the_door_large, layout_loops_cross,
          minmay_misc_feat_room
D:2:      layout_loops_corners, minmay_worlds_worst_comb
D:3:      layout_basic, elyvilon_altar_4, gammafunk_temple_overflow_arena,
          first_ration, st_stairs_12, trog_wizard
D:4:      layout_gridville, cheibriados_altar_1,
          nemelex_xobeh_ov_fountains_minmay

Skill      XL: |  1  2  3  4  5  6 |
---------------+-------------------+-----
Bows           | 6 7 8 9 |  9.1
Fighting       | 3 |  3.7
Armour         | 1 |  1.4
Dodging        | 2 |  2.1
Long Blades    | 1 |  1.3
Stealth        | |  0.6

Action                   |  1- 3 |  4- 6 |  7- 9 || total
-------------------------+-------+-------+-------++-------
Melee: Short sword       |       |    14 |       ||    14
       Kick              |       |    13 |     1 ||    14
       Scimitar          |       |    37 |     7 ||    44
 Fire: Shortbow          |   166 |    78 |       ||   244
  Use: Scroll            |     5 |     5 |       ||    10
  Eat: Chunk             |     1 |     1 |       ||     2
       Ration            |       |     1 |       ||     1
Armor: Leather armour    |    28 |    32 |     2 ||    62
Dodge: Dodged            |    32 |    43 |     4 ||    79
       Rpst.: Scimitar   |       |     6 |       ||     6

Table legend:
 A = Non-vault XP
 B = Vault XP
 C = Vault XP percentage of total XP
 D = Non-vault monster count
 E = Vault monster count
 F = Vault count percentage of total count
                 A         B        C        D         E       F
            +---------+---------+-------+---------+---------+-------
      Total |     755 |      16 |   2.1 |      69 |       7 |   9.2
            +---------+---------+-------+---------+---------+-------
        D:1 |      36 |       0 |   0.0 |      21 |       0 |   0.0
        D:2 |      20 |      10 |  33.3 |      10 |       5 |  33.3
        D:3 |      77 |       6 |   7.2 |      12 |       2 |  14.3
        D:4 |     622 |       0 |   0.0 |      26 |       0 |   0.0
            +---------+---------+-------+---------+---------+-------
